Map: [ESL] Gresvan

Players

Clem - Winner!

  • Race: Terran Terran

RagnaroK (SHIN)

  • Race: Zerg Zerg

Event: IEM Katowice 2023

VOD

Have the link to the VOD?

Description

Time

  • Played on: Feb. 9, 2023, 6:46 a.m.
  • Length: 16:26

All games in this series

Show
View Real Time Build Order
Export as new Build Order

Clem Terran - Winner!

Build Orders: Reaper Expand, Hellion Banshee 

Get SALT Encoding   

  12  0:00  SCV  
  13  0:13  SCV  
  14  0:17  Supply Depot  
  14  0:25  SCV  
  15  0:38  SCV  
  15  0:40  Barracks  
  16  0:44  Refinery  
  16  0:50  SCV  
  17  1:03  SCV  
  18  1:15  SCV  
  19  1:27  Orbital Command, Reaper  
  20  1:38  Command Center  
  20  1:46  Supply Depot  
  20  1:53  SCV  
  21  1:59  Marine  
  22  2:05  SCV  
  23  2:10  Factory  
  23  2:17  SCV  
  23  2:22  Barracks Reactor  
  24  2:29  SCV  
  25  2:37  Command Center  
  25  2:41  SCV  
  26  2:50  Orbital Command  
  26  2:53  SCV  
  27  2:59  Starport  
  27  3:05  SCV, Refinery  
  27  3:09  Hellion  
  30  3:13  Hellion  
  30  3:16  SCV  
  30  3:18  SCV  
  34  3:20  Barracks Tech Lab  
  34  3:28  SCV  
  34  3:30  SCV  
  34  3:32  Hellion  
  38  3:34  Hellion  
  38  3:40  SCV  
  41  3:42  SCV  
  41  3:45  Banshee  
  45  3:51  Orbital Command  
  45  3:52  SCV  
  45  3:55  SCV  
  47  3:57  Cloaking Field  
  47  4:03  Hellion  
  47  4:04  SCV, Hellion  
  47  4:07  SCV  
  53  4:11  Supply Depot  
  53  4:14  Barracks Tech Lab  
  53  4:16  SCV  
  54  4:19  Bunker, SCV  
  54  4:20  Marine  
  54  4:21  SCV  
  57  4:28  SCV  
  57  4:31  SCV, Supply Depot  
  59  4:32  Refinery  
  59  4:33  SCV, Refinery  
  59  4:34  Banshee  
  59  4:38  Hellion  
  65  4:40  SCV, Hellion  
  65  4:43  SCV  
  65  4:45  Supply Depot  
  67  4:46  SCV  
  67  4:52  Barracks Tech Lab  
  66  4:54  Factory  
  66  4:55  SCV  
  66  4:56  SCV  
  69  5:01  Orbital Command, Factory  
  69  5:05  Hyperflight Rotors  
  68  5:07  SCV  
  68  5:08  SCV  
  68  5:10  Hellion x2  
  68  5:11  Supply Depot  
  74  5:17  Banshee  
  74  5:19  SCV, Refinery  
  74  5:20  SCV  
  79  5:26  Barracks Tech Lab, SCV  
  80  5:31  SCV  
  80  5:32  SCV, Refinery  
  80  5:34  Supply Depot, Hellion  
  86  5:35  Hellion  
  86  5:38  SCV  
  87  5:43  SCV, Supply Depot  
  87  5:44  SCV  
  89  5:50  SCV  
  89  5:54  Mag-Field Accelerator  
  89  5:55  SCV  
  89  5:56  SCV  
  92  5:57  Cyclone  
  92  5:58  Cyclone  
  92  6:02  SCV  
  92  6:03  Banshee  
  99  6:05  Hellion  
  99  6:07  SCV  
  99  6:09  SCV  
  99  6:13  Supply Depot  
  99  6:14  SCV, Supply Depot  
  99  6:18  Factory, Supply Depot  
  100  6:20  Barracks Tech Lab  
  100  6:21  Factory, SCV  
  100  6:23  SCV  
  102  6:26  SCV  
  102  6:28  Supply Depot  
  102  6:29  Cyclone  
  102  6:30  Infernal Pre-Igniter  
  102  6:32  Cyclone  
  109  6:34  SCV  
  109  6:35  SCV  
  109  6:36  Hellion x2  
  116  6:47  SCV, Supply Depot  
  117  6:51  Command Center  
  117  6:53  Banshee  
  119  7:01  Cyclone  
  119  7:04  Cyclone  
  126  7:08  Supply Depot  
  126  7:09  Factory Reactor, Hellion x2  
  126  7:12  Engineering Bay  
  126  7:14  Supply Depot x2  
  129  7:18  Cyclone  
  129  7:21  SCV  
  133  7:27  Supply Depot  
  133  7:29  Barracks Tech Lab  
  133  7:32  Factory  
  133  7:33  Cyclone  
  133  7:34  Factory  
  133  7:35  Factory  
  133  7:36  Cyclone  
  139  7:38  Banshee  
  142  7:47  Hellion x2  
  142  7:48  Supply Depot  
  142  7:49  SCV  
  142  7:50  Cyclone  
  150  7:55  Hellion x2  
  139  8:03  SCV  
  139  8:04  SCV  
  141  8:05  Cyclone  
  141  8:06  SCV  
  141  8:08  Cyclone  
  141  8:10  Missile Turret  
  137  8:14  Missile Turret  
  137  8:18  SCV  
  137  8:19  SCV  
  137  8:21  SCV, Missile Turret  
  137  8:22  Cyclone  
  137  8:26  SCV  
  142  8:30  SCV  
  142  8:31  SCV  
  143  8:34  SCV  
  143  8:37  Cyclone  
  143  8:39  SCV, Missile Turret  
  148  8:42  SCV  
  148  8:43  SCV  
  148  8:46  SCV, Cyclone  
  154  8:52  Refinery  
  154  8:53  SCV, Refinery  
  154  8:54  SCV, Cyclone  
  159  8:56  Factory Reactor  
  159  8:59  Hellion x2  
  159  9:00  SCV, Hellion  
  159  9:01  Factory Tech Lab  
  166  9:04  SCV  
  166  9:05  SCV  
  166  9:08  Cyclone  
  166  9:09  Cyclone  
  174  9:11  Hellion  
  174  9:15  SCV  
  174  9:16  SCV  
  175  9:18  Cyclone  
  175  9:19  Banshee  
  181  9:27  Planetary Fortress  
  181  9:28  Command Center  
  179  9:32  SCV  
  179  9:36  Cyclone  
  176  9:40  Cyclone  
  176  9:41  SCV  
  176  9:44  Cyclone  
  180  9:47  Hellion x2  
  180  9:49  SCV  
  180  9:50  Cyclone  
  180  9:51  Hellion x2  
  192  9:55  Hellion  
  192  9:56  Hellion  
  187  10:00  Factory Tech Lab  
  187  10:03  Armory  
  187  10:04  Armory  
  182  10:08  Cyclone, Hellion  
  182  10:12  Cyclone  
  182  10:13  Hellion  
  187  10:18  Cyclone x2  
  187  10:19  Hellion x2  
  185  10:21  Hellion  
  185  10:25  Cyclone  
  185  10:28  Hellion  
  190  10:33  Hellion  
  188  10:36  Hellion  
  188  10:38  SCV  
  188  10:40  Cyclone  
  192  10:44  Cyclone  
  195  10:50  Barracks, Cyclone  
  195  10:51  Barracks  
  195  10:53  Ghost Academy  
  195  10:56  Barracks Tech Lab  
  198  11:00  Terran Vehicle Weapons Level 1, Terran Vehicle And Ship Armor Level 1  
  198  11:03  Hellion x2  
  199  11:08  Siege Tank x2  
  199  11:09  Hellion x3  
  200  11:16  Planetary Fortress  
  200  11:18  Refinery  
  200  11:19  Refinery  
  200  11:20  Hellion  
  200  11:21  Siege Tank, Hellion  
  200  11:23  Hellion  
  200  11:24  Hellion  
  176  11:26  Hellion  
  176  11:30  Hellion  
  170  11:33  Hellion x2  
  172  11:40  Siege Tank  
  172  11:41  Ghost, Barracks Tech Lab x2  
  172  11:44  Hellion x2  
  181  11:51  Hellion  
  183  11:54  Hellion  
  183  11:55  Hellion  
  183  11:58  Command Center  
  183  12:00  Ghost  
  189  12:01  Ghost  
  194  12:08  Siege Tank  
  194  12:09  Ghost  
  194  12:11  Sensor Tower  
  194  12:13  Sensor Tower  
  193  12:19  Terran Infantry Armor Level 1  
  193  12:26  Command Center  
  193  12:29  Ghost  
  195  12:30  Ghost  
  195  12:38  Ghost  
  193  12:45  SCV  
  193  12:47  Siege Tank  
  193  12:50  Siege Tank  
  200  12:56  Siege Tank  
  200  12:59  Sensor Tower  
  199  13:12  Terran Vehicle Weapons Level 2  
  197  13:15  Hellion x10  
  197  13:16  Siege Tank, Refinery, Missile Turret  
  197  13:17  Sensor Tower  
  197  13:18  Refinery  
  200  13:21  Terran Vehicle And Ship Armor Level 2  
  200  13:25  Engineering Bay  
  196  13:34  Ghost x2  
  196  13:35  Thor  
  196  13:38  Thor x2  
  200  13:45  Ghost  
  185  13:49  Planetary Fortress  
  185  13:55  Orbital Command  
  185  13:57  Thor  
  191  14:06  Ghost  
  191  14:09  Ghost  
  183  14:12  Hellion  
  183  14:14  Ghost  
  183  14:16  Hellion x2  
  161  14:18  Hellion  
  161  14:19  Hellion  
  161  14:21  Siege Tank  
  161  14:23  Siege Tank, Hellion x2  
  159  14:32  Hellion  
  159  14:34  Ghost  
  159  14:35  Hellion  
  159  14:37  Ghost, Hellion x2  
  167  14:41  Hellion  
  167  14:42  Ghost  
  167  14:43  Hellion  
  167  14:44  Siege Tank  
  167  14:45  Siege Tank, Hellion  
  181  14:53  Command Center, Hellion  
  181  14:54  Hellion  
  181  14:57  Hellion  
  187  15:03  Ghost, Hellion  
  187  15:04  Hellion x2  
  193  15:07  Thor  
  193  15:13  Ghost  
  199  15:21  Command Center  
  199  15:28  Ghost  
  199  15:32  Ghost  
  199  15:33  Siege Tank  
  199  15:34  SCV  
  184  15:38  Siege Tank x2  
  184  15:40  Hellion  
  192  15:47  Ghost  
  194  15:50  Hellion x2  
  194  15:56  Ghost  
  192  15:58  Hellion x2  
Show
View Real Time Build Order
Export as new Build Order

RagnaroK Zerg 

Build Orders: Hatch First 

Get SALT Encoding   

  12  0:00  Drone  
  13  0:08  Drone  
  14  0:16  Overlord  
  14  0:34  Drone x2  
  16  0:47  Hatchery  
  16  0:49  Drone  
  16  0:54  Drone  
  17  0:58  Drone  
  18  1:07  Extractor  
  17  1:13  Spawning Pool  
  17  1:16  Drone  
  17  1:19  Drone  
  18  1:28  Drone  
  19  1:39  Drone  
  20  1:50  Drone  
  21  1:59  Queen x2  
  21  2:00  Zergling x4  
  27  2:11  Overlord  
  27  2:12  Drone  
  28  2:23  Hatchery  
  28  2:26  Drone  
  28  2:29  Drone  
  29  2:31  Drone  
  29  2:32  Drone  
  30  2:41  Queen  
  30  2:43  Drone  
  33  2:47  Overlord  
  33  2:53  Drone  
  33  2:54  Drone  
  35  3:02  Roach Warren  
  35  3:03  Drone  
  35  3:08  Drone x4  
  39  3:13  Overlord  
  39  3:19  Drone  
  40  3:24  Overlord  
  40  3:29  Drone  
  41  3:35  Drone  
  41  3:36  Overlord  
  42  3:43  Roach x4  
  42  3:46  Roach x2  
  54  3:49  Roach  
  54  3:51  Queen  
  54  3:53  Drone  
  59  3:57  Drone x3  
  59  4:00  Drone  
  63  4:06  Drone  
  63  4:07  Drone  
  63  4:09  Drone  
  66  4:11  Queen  
  66  4:13  Drone x2  
  66  4:14  Drone x2  
  66  4:16  Drone  
  73  4:19  Overlord  
  73  4:22  Overlord  
  73  4:25  Overlord  
  73  4:27  Overlord  
  73  4:34  Overlord  
  73  4:37  Drone, Spore Crawler  
  73  4:38  Drone x2  
  75  4:39  Drone  
  75  4:40  Drone  
  75  4:43  Lair, Drone  
  75  4:45  Extractor x2  
  75  4:47  Drone  
  75  4:50  Drone x2  
  75  4:51  Drone x2  
  77  4:54  Drone, Baneling Nest  
  77  4:57  Queen  
  77  4:58  Drone  
  78  5:02  Spore Crawler  
  78  5:04  Spore Crawler  
  78  5:05  Drone x3  
  78  5:07  Drone  
  80  5:09  Drone  
  80  5:12  Drone  
  82  5:16  Roach  
  82  5:18  Roach x2  
  82  5:19  Roach  
  90  5:21  Drone  
  90  5:24  Drone  
  90  5:25  Extractor  
  90  5:26  Extractor, Drone  
  90  5:27  Extractor  
  90  5:30  Drone x3  
  93  5:40  Drone x3  
  95  5:43  Spire  
  95  5:49  Overlord, Overseer  
  94  5:52  Drone x3  
  94  5:54  Drone  
  94  5:55  Drone  
  94  5:56  Drone x3, Evolution Chamber  
  100  5:57  Evolution Chamber  
  100  5:58  Drone, Hatchery  
  100  5:59  Overlord  
  99  6:09  Drone x2  
  99  6:11  Zergling x8  
  102  6:12  Metabolic Boost  
  102  6:18  Drone x3, Glial Reconstitution  
  105  6:19  Overseer  
  105  6:22  Queen  
  107  6:27  Overlord  
  107  6:28  Zergling x10  
  107  6:29  Zergling x2  
  113  6:38  Drone x3  
  115  6:42  Drone  
  114  6:49  Overlord  
  114  7:00  Mutalisk x7  
  128  7:05  Overlord  
  128  7:06  Mutalisk  
  130  7:09  Drone x3  
  130  7:11  Drone x3, Queen  
  138  7:16  Roach  
  138  7:19  Zerg Missile Weapons Level 1  
  138  7:21  Overlord, Roach  
  138  7:22  Roach  
  144  7:23  Overlord  
  144  7:25  Roach x3  
  150  7:31  Overlord x2  
  150  7:33  Drone  
  150  7:35  Drone x2  
  150  7:36  Drone  
  151  7:37  Overlord  
  151  7:42  Roach x4  
  157  7:45  Drone x2  
  157  7:47  Zerg Ground Armor Level 1  
  157  7:48  Drone  
  157  7:49  Infestation Pit  
  157  7:50  Drone  
  160  7:52  Drone  
  160  7:54  Roach x4  
  155  8:01  Roach  
  155  8:05  Roach x3  
  159  8:08  Ravager  
  159  8:09  Roach  
  159  8:10  Roach x2  
  159  8:11  Drone  
  163  8:12  Drone  
  163  8:15  Drone  
  163  8:16  Drone  
  163  8:17  Spore Crawler  
  162  8:22  Overlord  
  162  8:27  Drone x3  
  162  8:29  Hive  
  162  8:30  Hatchery, Ravager x2  
  162  8:33  Zergling x2  
  167  8:36  Extractor  
  167  8:37  Extractor, Spore Crawler  
  167  8:38  Drone  
  167  8:40  Spore Crawler x2  
  163  8:41  Spore Crawler  
  163  8:45  Roach, Zergling x6  
  163  8:52  Hydralisk Den  
  163  8:53  Queen  
  162  8:57  Roach, Zergling x20  
  174  9:04  Hatchery  
  174  9:07  Overlord  
  172  9:11  Zergling x10  
  172  9:14  Overlord  
  172  9:15  Zerg Missile Weapons Level 2  
  175  9:21  Drone x2  
  175  9:23  Grooved Spines  
  175  9:30  Drone x2  
  174  9:32  Roach, Zergling x18  
  174  9:36  Hatchery  
  172  9:39  Queen x2  
  169  9:48  Viper  
  169  9:49  Viper x3  
  179  9:54  Queen  
  179  9:57  Roach, Zergling x16, Evolution Chamber  
  168  10:08  Hydralisk x4  
  168  10:11  Hydralisk x5  
  184  10:19  Hydralisk x3  
  177  10:24  Roach x2  
  177  10:27  Roach x3  
  178  10:29  Roach  
  178  10:32  Roach x2  
  178  10:34  Muscular Augments  
  179  10:39  Hydralisk x2  
  183  10:43  Roach x2  
  183  10:44  Zerg Ground Armor Level 2  
  183  10:47  Hydralisk  
  183  10:48  Roach x3, Hatchery  
  194  10:51  Hydralisk  
  194  10:53  Hydralisk  
  194  10:55  Overseer  
  192  10:59  Roach x2  
  192  11:02  Roach  
  194  11:10  Roach  
  194  11:11  Roach x4  
  197  11:17  Hydralisk x2  
  198  11:22  Roach  
  198  11:23  Roach x7  
  186  11:31  Roach x2  
  186  11:32  Roach  
  186  11:39  Hatchery  
  181  11:40  Drone x8  
  181  11:45  Viper x2  
  195  11:48  Roach, Zergling x2  
  195  11:49  Extractor  
  197  11:54  Extractor  
  197  12:00  Greater Spire  
  196  12:04  Drone, Hatchery  
  196  12:05  Pneumatized Carapace  
  194  12:11  Spore Crawler  
  194  12:14  Zergling x14  
  200  12:28  Drone  
  200  12:29  Drone  
  200  12:33  Drone x3, Spore Crawler x2  
  200  12:34  Drone, Spore Crawler  
  191  13:03  Zerg Missile Weapons Level 3, Zerg Ground Armor Level 3  
  191  13:04  Hydralisk, Zergling x2  
  192  13:06  Hydralisk x5  
  200  13:17  Zerg Flyer Weapons Level 1  
  194  13:20  Drone x3  
  194  13:23  Spine Crawler  
  194  13:24  Spine Crawler  
  194  13:25  Zergling x10  
  194  13:26  Spine Crawler x2  
  185  13:36  Hydralisk  
  185  13:37  Zergling x32  
  199  13:47  Drone x4  
  199  13:48  Zergling x10  
  199  13:53  Baneling x3  
  199  13:54  Baneling  
  199  13:55  Centrifugal Hooks  
  197  13:58  Overseer  
  197  13:59  Zergling x2  
  197  14:00  Zergling x4  
  195  14:12  Hydralisk  
  195  14:13  Hydralisk, Zergling x26  
  196  14:22  Drone x5  
  191  14:26  Spine Crawler  
  191  14:29  Zergling x20  
  195  14:36  Zergling x8  
  195  14:37  Overseer x2  
  194  14:39  Baneling x19  
  194  14:41  Zergling x2  
  194  14:42  Zergling x2  
  194  14:44  Drone  
  194  14:45  Hydralisk  
  199  14:53  Baneling x18  
  199  14:54  Baneling  
  197  15:07  Zergling x2  
  197  15:08  Zergling x6  
  197  15:14  Zergling x4  
  199  15:35  Drone x2  
  185  15:36  Overlord x2  
  185  15:37  Drone x3  
  185  15:40  Zergling x2  
  185  15:41  Overlord x3  
  188  15:43  Overlord  
  188  15:47  Zergling x8  
  188  15:49  Baneling x34  
  188  15:50  Baneling x2  
  188  15:55  Zergling x10  
  188  15:56  Zergling x24  
  172  15:58  Overseer x2  
  172  16:01  Zergling x8  
  172  16:04  Zergling x4  
  176  16:07  Zergling x2  
  176  16:08  Zergling x10  

Tags
 
Add a new tag
Caveats
  • Supply blocks, unpowered buildings, or Contaminate may cause inaccurate times.
  • Supply counts are checked every 10 seconds.